 Dungeon Crawl Stone Soup version 0.29.0-4-gdea44cf6ec (webtiles) character file.

Game seed: 5108980143969723977

35 qw the Chopper (level 3, 0/21 HPs)
             Began as a Tengu Warper on Aug 28, 2022.
             Succumbed to an adder's poison
             ... on level 1 of the Dungeon.
             The game lasted 00:00:06 (999 turns).

qw the Chopper (Tengu Warper)                        Turns: 999, Time: 00:00:06

Health: 0/21       AC:  5    Str: 12 (13) XL:     3   Next: 33%
Magic:  7/7        EV: 11    Int: 12 (13) God:
Gold:   53         SH:  0    Dex: 10 (13) Spells: 6/6 levels left

rFire   . . .      SeeInvis .   Y - +0 hand axe
rCold   . . .      Faith    .   (no shield)
rNeg    . . .      Spirit   .   b - +0 leather armour
rPois   .          Reflect  .   (helmet restricted)
rElec   .          Harm     .   (no cloak)
rCorr   .          Rampage  .   e - +1 pair of gloves
Will    .....                   (boots unavailable)
Stlth   +.........              (no amulet)
HPRegen 0.07/turn               (no ring)
MPRegen 0.10/turn               (no ring)

@: lethally poisoned (0 -> -4)
A: beak, talons 3
a: no special abilities


You were on level 1 of the Dungeon.
You visited 1 branch of the dungeon, and saw 2 of its levels.

You collected 53 gold pieces.


Innate Abilities, Weirdness & Mutations

You have a beak for a mouth.
You have claws for feet.


   Skills:
 - Level 2.0 Fighting
 + Level 4.0 Axes
 - Level 1.0 Throwing
 - Level 1.1 Armour
 - Level 2.1 Dodging
 - Level 2.0 Spellcasting
 - Level 2.4 Translocations


You had 6 spell levels left.
You didn't know any spells.
Your spell library contained the following spells:

 Spells                   Type           Power      Damage    Failure   Level
 Blink                    Tloc           12%        N/A       21%         2
 Gell's Gravitas          Tloc           6%         N/A       36%         3
 Lesser Beckoning         Tloc           6%         N/A       36%         3
 Teleport Other           Tloc           6%         N/A       36%         3
 Manifold Assault         Tloc           6%         N/A       98%         5

Inventory:

Hand Weapons
 a - a +0 club
 Y - a +0 hand axe (weapon)
Armour
 b - a +0 leather armour (worn)
 e - a +1 pair of gloves (worn)
Scrolls
 g - a scroll of identify
Potions
 d - a potion of curing {unknown}

Dungeon Overview and Level Annotations

Branches:
Dungeon (2/15)

Altars:


Message History

The adder closely misses you.
A bat comes into view.
988 ||| STAIRDANCE The adder bites you.
The adder misses you.
You climb upwards.
There is a stone staircase leading down here.
You hit the adder.
The adder is lightly wounded.
The adder barely misses you.
You closely miss the adder. Your kick misses the adder.
Your peck misses the adder.
The adder is lightly wounded.
The adder bites you.
You are poisoned.
The adder poisons you! The adder barely misses you.
You barely miss the adder. You claw the adder.
The adder is moderately wounded.
You feel sick. The adder barely misses you.
You barely miss the adder. You claw the adder.
You peck the adder, but do no damage.
The adder is almost dead.
You feel sick. The adder bites you but does no damage.
The adder barely misses you.
You hit the adder. Your kick misses the adder.
The adder is almost dead.
You feel sick. The adder bites you.
You are lethally poisoned!
The adder poisons you!
You hit the adder.
You kill the adder!
You feel very sick.
Your Axes skill increases to level 4!
There is a lethal amount of poison in your body!
You feel sick.
There is a lethal amount of poison in your body!
You feel sick.
There is a lethal amount of poison in your body!
You feel sick.
There is a lethal amount of poison in your body!
You die...

#....?....# #.........#######
#.........##....#
#.........##.##.#
#.........##.##.#
############...##.##.#
#...........).....##.##
###.##########...#......#
................@'......#
###.####...###...#......#
##.....#.### #...########
##.......# #...## ##......##
#....## ##......#### ###.!.#
####### ........#..#####..##
##..##.##
######.###....##########....#..#
##.....##.(.~~....~..##..#.....#


There were no monsters in sight!

Vanquished Creatures
  An adder (D:1)
  A giant cockroach (D:1)
  7 goblins (D:1)
  2 hobgoblins (D:1)
  A quokka (D:1)
  4 ball pythons (D:1)
  3 bats (D:1)
  2 frilled lizards (D:1)
  5 rats (D:1)
26 creatures vanquished.

Notes
Turn   | Place    | Note
-------+----------+-------------------------------------------
     0 | D:1      | qw the Tengu Warper began the quest for the Orb.
     0 | D:1      | Reached XP level 1. HP: 12/12 MP: 4/4
     0 | D:1      | 0 ||| qw: Version: 0.1-a-89-g26bdef1
     0 | D:1      | 0 ||| qw: Game counter: 55
     0 | D:1      | 0 ||| qw: Always use a shield: true
     0 | D:1      | 0 ||| qw: God list: Okawaru
     0 | D:1      | 0 ||| qw: Allow faded altars: false
     0 | D:1      | 0 ||| qw: Do Orc after D:15 true
     0 | D:1      | 0 ||| qw: Do second Lair branch before Depths: true
     0 | D:1      | 0 ||| qw: Lair rune preference: random
     0 | D:1      | 0 ||| qw: Plans: Normal
     0 | D:1      | 0 ||| PLANNING D:1-11
    70 | D:1      | Reached XP level 2. HP: 17/17 MP: 6/6
    89 | D:1      | Found a faded altar of an unknown god.
    92 | D:1      | 92 ||| READING scroll labelled POCIONL TYDDAKK.
   103 | D:1      | Reached skill level 3 in Axes
   189 | D:1      | Noticed a shining eye
   194 | D:1      | Noticed a great orb of eyes
   197 | D:1      | Noticed a floating eye
   197 | D:1      | Noticed an eye of devastation
   775 | D:1      | Reached XP level 3. HP: 14/21 MP: 7/7
   970 | D:1      | 970 ||| UPGRADING to +1 pair of gloves.
   975 | D:1      | 975 ||| READING 2 scrolls labelled WIYMIUTOTI.
   976 | D:1      | 976 ||| DRINKING 2 emerald potions.
   977 | D:1      | 977 ||| DROPPING scroll of blinking.
   978 | D:1      | 978 ||| DROPPING potion of degeneration.
   988 | D:2      | 988 ||| STAIRDANCE
   995 | D:1      | HP: 5/21 [poisoned by an adder]
   996 | D:1      | Reached skill level 4 in Axes
   997 | D:1      | HP: 2/21 [poisoned by an adder]
   999 | D:1      | Succumbed to an adder's poison

Levels and vault maps discovered:
D:1:      dpeg_arrival_subterranean_lakeside_camping, layout_basic,
          hellmonk_ecumenical_altar_watching_god, minmay_tetromino_s4
D:2:      layout_basic, basic_altar

Skill      XL: |  1  2  3 |
---------------+----------+-----
Axes           | 3 4 |  4.0
Fighting       | |  2.0
Throwing       | |  1.0
Armour         | |  1.1
Dodging        | |  2.1
Spellcasting   | |  2.0
Translocations | |  2.4

Action                   || total
-------------------------++-------
Melee: Hand axe          ||    62
       Kick              ||     9
       Peck              ||     8
       Punch             ||     1
Throw: Boomerang         ||     7
  Use: Scroll            ||     2
       Potion            ||     1
Armor: Leather armour    ||    16
Dodge: Dodged            ||    31

Table legend:
 A = Non-vault XP
 B = Vault XP
 C = Vault XP percentage of total XP
 D = Non-vault monster count
 E = Vault monster count
 F = Vault count percentage of total count
                 A         B        C        D         E       F
            +---------+---------+-------+---------+---------+-------
      Total |      39 |      11 |  22.0 |      18 |       8 |  30.8
            +---------+---------+-------+---------+---------+-------
        D:1 |      39 |      11 |  22.0 |      18 |       8 |  30.8
            +---------+---------+-------+---------+---------+-------
